 Dungeon Crawl Stone Soup version 0.18-a0-952-g309898a (webtiles) character file.

85 M4edhros the Charlatan (level 4, -24/28 HPs)
             Began as an Octopode Artificer on Dec 31, 2015.
             Annihilated by an ogre
             ... wielding a +0 giant club
              (29 damage)
             ... on level 4 of the Dungeon.
             The game lasted 00:02:13 (1666 turns).

M4edhros the Charlatan (Octopode Artificer)         Turns: 1666, Time: 00:02:13

Health: -24/28     AC:  1    Str: 10    XL:     4   Next: 48%
Magic:  7/7        EV: 13    Int: 15    God:
Gold:   64         SH:  0    Dex: 12    Spells: 0 memorised, 3 levels left

rFire  . . .     SeeInvis .     o - +1 dagger (venom)
rCold  . . .     Gourm    .     (no shield)
rNeg   . . .     Faith    .     (helmet restricted)
rPois  .         Spirit   .     (no amulet)
rElec  .         Dismiss  .     n - ring of sustain attributes
rCorr  .         Reflect  .     (no ring)
SustAt +         Harm     .     (no ring)
MR     .....                    (no ring)
Stlth  +++.......               (no ring)
                                (no ring)
                                (no ring)
                                (no ring)

@: not resistant to hostile enchantments, fairly stealthy
A: almost no armour, amphibious, 8 rings, constrict 8, camouflage 1, gelatinous
body 1
a: no special abilities


You were on level 4 of the Dungeon.
You were very hungry.

You visited 1 branch of the dungeon, and saw 4 of its levels.

You collected 64 gold pieces.

Inventory:

Hand Weapons
 a - a +0 short sword
 m - a +0 hunting sling
 o - a +1 dagger of venom (weapon)
Missiles
 i - 47 stones (quivered)
Jewellery
 n - a ring of sustain attributes (left tentacle)
 t - an uncursed ring of ice
Wands
 b - a wand of flame (15/48)
 c - a wand of enslavement (15/24)
 d - a wand of random effects (14/48)
Scrolls
 g - 2 scrolls of noise {unknown}
 h - 3 scrolls of identify {unknown}
 p - 3 scrolls of fear {unknown}
 q - a scroll of teleportation {unknown}
Potions
 e - a potion of flight {unknown}
 j - a potion of invisibility {unknown}
 k - a potion of might {unknown}
 l - 2 potions of haste {unknown}
 r - a potion of brilliance {unknown}
Comestibles
 f - 2 bread rations
 s - 2 meat rations
 u - a beef jerky


   Skills:
 - Level 1.0 Fighting
 - Level 1.0 Short Blades
 * Level 1.4 Slings
 * Level 2.9 Dodging
 * Level 3.2 Stealth
 + Level 4.0 Evocations


You had 3 spell levels left.
You didn't know any spells.

Dungeon Overview and Level Annotations

Branches:
Dungeon (4/15)
 Temple: D:4-7

Altars:
Elyvilon


Innate Abilities, Weirdness & Mutations

You cannot wear most types of armour.
You are amphibious.
You can wear up to eight rings at the same time.
You can use your tentacles to constrict eight enemies at once.
Your skin changes colour to match your surroundings (Stealth).
Your rubbery body absorbs attacks (AC +1).


Message History

The ogre closely misses you.
You hit the ogre but do no damage.
The ogre is poisoned.
The ogre hits you with a giant club!
Ouch! That really hurt!
There is an open door here.
The ogre looks more healthy.
Found a scroll labeled DASAVE JIWNA.
Evoke which item? (* to show all) (? for menu, Esc to quit)
Zapping:
d - a wand of random effects (15/48)
Press: ? - help, Shift-Dir - straight line, f - ogre
Aim: an ogre, wielding a giant club (heavily wounded)
The fireball explodes!
The fireball engulfs the ogre.
The ogre is severely wounded.
The fireball engulfs you!
* * * LOW HITPOINT WARNING * * *
This wand has 14 charges left.
You hear a shout!
The ogre hits you with a giant club!!
Ouch! That really hurt!
You die...

#.## ##.#.###.#####.#≈..♣..≈##
##.###.#.## ##......#≈≈...≈≈#
##.#.###.###.####.####...###
##.## ##.#.### #.# ##...## ###
#.# #......# #.###.....##
##.###.# #.####.###.##.......##
##...##.####.###...##.#.........#
...............O......'.........'
##...#.#####.#.#@<.####.........#
##.##.# #.#.##.## ##.......##
####.# #.#.##... ##.....## #.#
#..?...#.# ##.).## #.# ###.####.#
##+## ### #.# #.# . #.# ..# #.#
#.# .8 #.# #.# #.# .. #.#
#.####.# ..Z


You could see an ogre.

Vanquished Creatures
  A crimson imp (D:3)
  An adder (D:4)
  A worm (D:3)
  2 orcs
  A ball python (D:3)
  2 goblins (D:1)
  5 hobgoblins
  8 jackals
  A quokka (D:4)
  2 bats (D:1)
  A giant cockroach (D:3)
  5 giant newts
  3 kobolds
  6 rats
39 creatures vanquished.

Vanquished Creatures (others)
  A quokka (D:4)
1 creature vanquished.

Grand Total: 40 creatures vanquished

Notes
Turn   | Place    | Note
--------------------------------------------------------------
     0 | D:1      | M4edhros the Octopode Artificer began the quest for the Orb.
     0 | D:1      | Reached XP level 1. HP: 13/13 MP: 3/3
   123 | D:1      | Reached XP level 2. HP: 6/18 MP: 4/4
   931 | D:3      | Reached XP level 3. HP: 23/23 MP: 5/5
  1013 | D:4      | Noticed an ogre
  1236 | D:3      | Reached skill level 1 in Slings
  1236 | D:3      | Reached XP level 4. HP: 28/28 MP: 6/6
  1242 | D:3      | Reached skill level 4 in Evocations
  1390 | D:4      | Found a white marble altar of Elyvilon.
  1643 | D:4      | Noticed an ogre
  1666 | D:4      | Annihilated by an ogre

Vault maps used:
D:1:      onia_arrival_mini_maze_b, minmay_statues_item
D:2:      zin_scriptorium
D:3:      nicolae_overflow_crystal_walls, uniq_sigmund
D:4:      kennysheep_six_static_rooms, elyvilon_altar_4, first_bread,
          grunt_gozag_statues, uniq_robin

Action                   |  1- 3 |  4- 6 || total
-------------------------+-------+-------++-------
Melee: Short sword       |    38 |       ||    38
       Dagger            |    27 |    15 ||    42
Evoke: Wand              |       |     1 ||     1
 Stab: Sleeping          |     6 |     3 ||     9
  Eat: Chunk             |       |     1 ||     1
